 Dungeon Crawl Stone Soup version 0.27-a0-1557-g57f10a385c (webtiles) character file.

Game seed: 7413671872278626084

118 bilbop the Cutter (level 5, -5/33 HPs)
             Began as a Kobold Berserker on July 15, 2021.
             Was a Believer of Trog.
             Slain by an orc (6 damage)
             ... on level 3 of the Dungeon.
             The game lasted 00:06:10 (2933 turns).

bilbop the Cutter (Kobold Berserker)                Turns: 2933, Time: 00:06:10

Health: -5/33      AC:  2    Str: 15    XL:     5   Next: 23%
Magic:  6/6        EV: 15    Int:  9    God:    Trog [**....]
Gold:   78         SH:  0    Dex: 14    Spells: 4/4 levels left

rFire    . . .     SeeInvis .   a - +2 short sword (speed)
rCold    . . .     Faith    .   (shield restricted)
rNeg     . . .     Spirit   .   b - +0 animal skin
rPois    .         Reflect  .   (no helmet)
rElec    .         Harm     .   (no cloak)
rCorr    .         Rampage  .   (no gloves)
Will     .....                  (no boots)
Stlth    +++.......             (no amulet)
HPRegen  0.11/turn              (no ring)
MPRegen  0.10/turn              (no ring)

@: no status effects
A: small, no large weapons, nightstalker 3
a: Renounce Religion, Berserk, Trog's Hand


You were on level 3 of the Dungeon.
You worshipped Trog.
Trog was pleased with you.
You visited 1 branch of the dungeon, and saw 3 of its levels.

You collected 78 gold pieces.

Inventory:

Hand Weapons
 a - a +2 short sword of speed (weapon)
 k - a +0 short sword
Armour
 b - a +0 animal skin (worn)
Scrolls
 d - 2 scrolls of noise {unknown}
 f - a scroll of enchant weapon {unknown}
 g - 2 scrolls of vulnerability {unknown}
 h - a scroll of identify {unknown}
 i - a scroll of blinking {unknown}
Potions
 c - 2 potions of flight {unknown}
 e - a potion of attraction {unknown}
 j - a potion of brilliance {unknown}


   Skills:
 + Level 3.9 Fighting
 + Level 4.8 Short Blades
 - Level 1.5 Armour
 + Level 3.3 Dodging
 + Level 2.7 Stealth
 + Level 2.0 Invocations


You had 4 spell levels left.
You didn't know any spells.
Your spell library was empty.

Dungeon Overview and Level Annotations

Branches:
Dungeon (3/15)

Altars:


Innate Abilities, Weirdness & Mutations

You are small and have problems with some larger weapons.
You are completely attuned to the shadows.


Message History

You have reached level 5!
You feel stronger.
You hit the endoplasm.
The endoplasm is heavily wounded.
You closely miss the orc. The endoplasm hits you.
You hit the endoplasm but do no damage.
The endoplasm is heavily wounded.
The orc misses you.
You hit the endoplasm.
You kill the endoplasm!
Trog accepts your kill.
You puncture the orc!
You kill the orc!
Trog accepts your kill.
Items here: )) [ †.
You hit the orc priest.
The orc priest is moderately wounded.
The orc priest looks braver for a moment.
You closely miss the orc priest.
The orc priest is moderately wounded.
The orc barely misses you. The orc priest barely misses you.
You hit the orc priest but do no damage.
The orc priest is moderately wounded.
The orc completely misses you.
You barely miss the orc priest.
The orc priest is moderately wounded.
The orc priest closely misses you.
You hit the orc priest.
The orc priest is heavily wounded.
The orc hits you with a +0 war axe!
You hit the orc priest.
The orc priest is almost dead.
The orc priest mumbles some strange prayers to Beogh against you.
Beogh smites you!
* * * LOW HITPOINT WARNING * * *
You hit the orc priest.
You kill the orc priest!
Trog accepts your kill. The orc hits you with a +0 war axe.
You die...

#..########## .#
#...........# #.#
#....#####..# #.#
#......##.#.####.#
#......##.#.......
#......##.######..
#......##.........
#......#########..
#@)... ####..
#.o).... #.....
#.#.#+## #.....
#.#.. #..... # #..
+..... #....#


You could see an orc.

Vanquished Creatures
  2 orc priests (D:3)
  3 adders
  3 dart slugs
  3 orcs
  4 ball pythons
  6 endoplasms
  8 goblins
  5 hobgoblins
  8 kobolds
  A quokka (D:2)
  4 bats
  4 frilled lizards
  4 rats
55 creatures vanquished.

Notes
Turn   | Place    | Note
-------+----------+-------------------------------------------
     0 | D:1      | bilbop the Kobold Berserker began the quest for the Orb.
     0 | D:1      | Reached XP level 1. HP: 14/14 MP: 1/1
   543 | D:1      | Reached XP level 2. HP: 19/19 MP: 2/2
   564 | D:1      | Reached skill level 1 in Stealth
  1013 | D:1      | Reached skill level 1 in Invocations
  1013 | D:1      | Reached XP level 3. HP: 20/23 MP: 3/3
  1682 | D:2      | Found a faded altar of an unknown god.
  1881 | D:2      | Reached ** piety under Trog
  1985 | D:2      | Reached XP level 4. HP: 29/29 MP: 5/5
  2921 | D:3      | Reached XP level 5. HP: 21/33 MP: 6/6
  2932 | D:3      | HP: 1/33 [orc priest/divine providence (12)]
  2933 | D:3      | Slain by an orc

Illustrated notes

Levels and vault maps discovered:
D:1:      heliophobic_arrival_glass_houses, layout_basic
D:2:      layout_basic, basic_ecumenical_altar
D:3:      layout_basic, serial_co_window_serial, co_window_paths_a,
          co_window_corner_a, co_window_of_opportunity_a, co_window_cross_1,
          co_window_paths_b, co_window_cross_4, co_window_unsneaky_path_d,
          co_window_broadway_a, co_window_of_opportunity_b, co_window_corner_cb,
          glass_columns_a, glass_columns_b, glass_columns_c

Skill      XL: |  1  2  3  4 |
---------------+-------------+-----
Stealth        | 1 2 |  2.7
Invocations    | 1 2 |  2.0
Dodging        | 3 |  3.3
Fighting       | |  3.9
Short Blades   | |  4.8
Armour         | |  1.5

Action                   |  1- 3 |  4- 6 || total
-------------------------+-------+-------++-------
Melee: Short sword       |   104 |    51 ||   155
 Stab: Sleeping          |    12 |     7 ||    19
       Distracted        |     1 |       ||     1
Armor: Animal skin       |    10 |     4 ||    14
Dodge: Dodged            |    59 |    29 ||    88

Table legend: (Time is in decaauts)
 A = Elapsed time spent in this place.
 B = Non-inter-level travel time spent in this place.
 C = Inter-level travel time spent in this place.
 D = Time resting spent in this place.
 E = Time spent auto-exploring this place.
 F = Levels seen in this place.
 G = Mean time per level.
                   A        B        C        D        E       F      G
               +--------+--------+--------+--------+--------+-----+--------+
         Total |   2907 |   2858 |     49 |      0 |   2540 |   3 |  969.0 |
       Dungeon |   2907 |   2858 |     49 |      0 |   2540 |   3 |  969.0 |
               +--------+--------+--------+--------+--------+-----+--------+

Top non-repeatable levels by time:
     D:1: 1362 daAuts
     D:2: 1242 daAuts
     D:3: 303 daAuts
